[ AOE2 MATCH · #463570497 ]
UnrankedDravidians vs Burmese
Player's team · LOSS
[ REPLAY ANALYSIS · EXTRACTED FROM THE RECORDED GAME ]
Feudal
—
Castle
—
Imperial
—
| APM avg | 29.4 |
| APM peak | 43 |
| eAPM avg | 4.9 |
| Villagers / military | 0 / 0 |
Focus
⚔️ 100.0% · 🌾 0.0%
Feudal
—
Castle
—
Imperial
—
| APM avg | 33.1 |
| APM peak | 75 |
| eAPM avg | 4.8 |
| Villagers / military | 0 / 0 |
Focus
⚔️ 100.0% · 🌾 0.0%
Feudal
—
Castle
—
Imperial
—
| APM avg | 35.9 |
| APM peak | 66 |
| eAPM avg | 11.4 |
| Villagers / military | 0 / 0 |
Focus
⚔️ 94.2% · 🌾 5.8%
Feudal
—
Castle
—
Imperial
—
| APM avg | 32.4 |
| APM peak | 72 |
| eAPM avg | 15.3 |
| Villagers / military | 0 / 0 |
Focus
⚔️ 75.0% · 🌾 25.0%
Feudal
—
Castle
—
Imperial
—
| APM avg | 28.4 |
| APM peak | 55 |
| eAPM avg | 6.9 |
| Villagers / military | 0 / 0 |
Focus
⚔️ 100.0% · 🌾 0.0%
Feudal
—
Castle
—
Imperial
—
| APM avg | 21.3 |
| APM peak | 30 |
| eAPM avg | 9.9 |
| Villagers / military | 0 / 0 |
Focus
⚔️ 100.0% · 🌾 0.0%
Feudal
—
Castle
—
Imperial
—
| APM avg | 23.6 |
| APM peak | 48 |
| eAPM avg | 13.3 |
| Villagers / military | 0 / 462 |
Focus
⚔️ 97.0% · 🌾 3.0%
Archer ×462
Feudal
—
Castle
—
Imperial
—
| APM avg | 78.8 |
| APM peak | 135 |
| eAPM avg | 40.1 |
| Villagers / military | 0 / 0 |
Focus
⚔️ 99.8% · 🌾 0.2%
Match map
Initial resources + every placement click. Lines = walls · curves = elevation contours. ◆ gold · ⬟ stone · ● berries · ✦ relic · ◌ wall gap
Your base· ✓ Map-separated
jose_rodriguez19's base· Open
EresMiPerro's base· Open
Slaaneshit's base· Open
Key Kurono Porongon's base· ✓ Map-separated
AAJ's base· Open
RushH3LL's base· Open
Hozmi's base· Open
Smoothed initial terrain · ◌ = detected wall gap · hover for details
Inputs per minute
— (L)ycan - - jose_rodriguez19
Build order — (L)ycan
33 actions detected in the replay
| 5:25 | Build | Stone Wall |
| 8:02 | Build | Stone Wall |
| 12:47 | Build | Barracks |
| 12:48 | Build | Barracks |
| 12:49 | Build | Barracks |
| 14:30 | Build | Barracks |
| 14:32 | Build | Barracks |
| 14:33 | Build | Barracks |
| 14:34 | Build | Barracks |
| 14:36 | Build | Barracks |
| 14:38 | Build | Barracks |
| 14:40 | Build | Barracks |
| 14:41 | Build | Barracks |
| 14:43 | Build | Barracks |
| 14:44 | Build | Barracks |
| 14:46 | Build | Barracks |
| 14:48 | Build | Barracks |
| 15:37 | Research | Long Swordsman (upgrade) |
| 15:39 | Research | Medical Corps |
| 15:43 | Research | Ballistics |
| 15:44 | Research | Guard Tower (upgrade) |
| 15:44 | Research | Tech 909 |
| 15:45 | Research | Tech 908 |
| 15:46 | Research | Careening |
| 15:48 | Research | Bodkin Arrow |
| 15:49 | Research | Leather Archer Armor |
| 15:50 | Research | Iron Casting |
| 15:51 | Research | Chain Mail Armor |
| 15:52 | Research | Chain Barding Armor |
| 15:59 | Research | Gambesons |
| 15:59 | Research | Squires |
| 16:01 | Research | Arson |
| 16:59 | Research | Pikeman (upgrade) |
Build order — jose_rodriguez19
0 actions detected in the replay
Build order — EresMiPerro
7 actions detected in the replay
| 12:36 | Research | Bodkin Arrow |
| 12:37 | Research | Leather Archer Armor |
| 12:37 | Research | Chain Barding Armor |
| 12:40 | Research | Ballistics |
| 12:41 | Research | Guard Tower (upgrade) |
| 13:19 | Research | Chain Mail Armor |
| 13:19 | Research | Iron Casting |
Build order — Slaaneshit
8 actions detected in the replay
| 10:59 | Research | Tech 28 |
| 11:03 | Research | Ballistics |
| 11:03 | Research | Treadmill Crane |
| 11:07 | Research | Iron Casting |
| 11:08 | Research | Bodkin Arrow |
| 11:09 | Research | Chain Barding Armor |
| 11:10 | Research | Chain Mail Armor |
| 11:10 | Research | Leather Archer Armor |
Build order — Key Kurono Porongon
0 actions detected in the replay
Build order — AAJ
18 actions detected in the replay
| 6:57 | Build | Barracks |
| 6:58 | Build | Barracks |
| 7:04 | Build | Archery Range |
| 7:05 | Build | Archery Range |
| 7:09 | Build | Archery Range |
| 7:11 | Build | Archery Range |
| 7:13 | Build | Archery Range |
| 7:15 | Build | Archery Range |
| 8:52 | Build | Barracks |
| 8:55 | Build | Barracks |
| 8:56 | Build | Barracks |
| 8:59 | Build | Barracks |
| 9:00 | Build | Barracks |
| 9:02 | Build | Barracks |
| 9:03 | Build | Barracks |
| 9:05 | Build | Barracks |
| 9:10 | Build | Archery Range |
| 9:11 | Build | Archery Range |
Build order — RushH3LL
132 actions detected in the replay
| 5:18 | Build | Stable |
| 5:20 | Build | Stable |
| 5:23 | Build | Stable |
| 5:25 | Build | Stable |
| 5:28 | Build | Stable |
| 5:30 | Build | Stable |
| 6:03 | Build | Archery Range |
| 6:05 | Build | Archery Range |
| 6:07 | Build | Archery Range |
| 6:08 | Build | Archery Range |
| 6:10 | Build | Archery Range |
| 6:33 | Research | Iron Casting |
| 6:33 | Research | Chain Mail Armor |
| 6:33 | Research | Chain Barding Armor |
| 6:34 | Research | Bodkin Arrow |
| 6:34 | Research | Leather Archer Armor |
| 6:37 | Research | Careening |
| 7:25 | Research | Crossbowman (upgrade) |
| 7:27 | Research | Elite Skirmisher (upgrade) |
| 7:29 | Research | Thumb Ring |
| 7:34 | Build | Archery Range |
| 7:36 | Build | Archery Range |
| 7:38 | Build | Archery Range |
| 7:41 | Build | Archery Range |
| 7:43 | Build | Archery Range |
| 7:45 | Build | Archery Range |
| 8:55 | Create | Archer ×5 |
| 8:55 | Create | Archer ×5 |
| 8:55 | Create | Archer ×5 |
| 8:56 | Create | Archer ×5 |
| 8:56 | Create | Archer ×5 |
| 8:56 | Create | Archer ×5 |
| 8:56 | Create | Archer ×5 |
| 8:57 | Create | Archer ×5 |
| 8:57 | Create | Archer ×5 |
| 8:58 | Create | Archer ×5 |
| 8:58 | Create | Archer ×5 |
| 8:58 | Create | Archer ×5 |
| 8:59 | Create | Archer ×5 |
| 8:59 | Create | Archer ×5 |
| 8:59 | Create | Archer ×4 |
| 8:59 | Create | Archer ×4 |
| 11:14 | Create | Archer ×5 |
| 11:14 | Create | Archer ×5 |
| 11:14 | Create | Archer ×5 |
| 11:15 | Create | Archer ×5 |
| 11:15 | Create | Archer ×5 |
| 11:15 | Create | Archer ×5 |
| 11:16 | Create | Archer ×5 |
| 11:16 | Create | Archer ×5 |
| 11:16 | Create | Archer ×5 |
| 11:17 | Create | Archer ×5 |
| 11:17 | Create | Archer ×5 |
| 11:17 | Create | Archer ×5 |
| 11:18 | Create | Archer ×5 |
| 11:18 | Create | Archer ×5 |
| 11:18 | Create | Archer ×5 |
| 11:19 | Create | Archer ×5 |
| 11:19 | Create | Archer ×5 |
| 11:19 | Create | Archer ×5 |
| 12:04 | Create | Archer ×5 |
| 12:04 | Create | Archer ×5 |
| 12:04 | Create | Archer ×5 |
| 12:05 | Create | Archer ×5 |
| 12:05 | Create | Archer ×5 |
| 12:05 | Create | Archer ×5 |
| 12:06 | Create | Archer ×5 |
| 12:15 | Build | Archery Range |
| 12:18 | Build | Archery Range |
| 12:20 | Build | Archery Range |
| 12:23 | Build | Archery Range |
| 12:26 | Build | Archery Range |
| 12:34 | Research | Guard Tower (upgrade) |
| 12:35 | Research | Ballistics |
| 12:38 | Research | Tech 908 |
| 13:05 | Create | Archer ×5 |
| 13:05 | Create | Archer ×5 |
| 13:05 | Create | Archer ×5 |
| 13:05 | Create | Archer ×5 |
| 13:06 | Create | Archer ×5 |
| 13:06 | Create | Archer ×5 |
| 13:06 | Create | Archer ×5 |
| 13:18 | Build | Archery Range |
| 13:57 | Create | Archer ×5 |
| 13:57 | Create | Archer ×5 |
| 13:58 | Create | Archer ×5 |
| 13:58 | Create | Archer ×5 |
| 13:58 | Create | Archer ×5 |
| 13:59 | Create | Archer ×5 |
| 13:59 | Create | Archer ×5 |
| 13:59 | Create | Archer ×5 |
| 13:59 | Create | Archer ×5 |
| 14:00 | Create | Archer ×5 |
| 14:01 | Create | Archer ×5 |
| 14:01 | Create | Archer ×5 |
| 14:02 | Create | Archer ×5 |
| 14:02 | Create | Archer ×5 |
| 14:20 | Create | Archer ×5 |
| 14:20 | Create | Archer ×5 |
| 14:20 | Create | Archer ×5 |
| 14:21 | Create | Archer ×5 |
| 14:21 | Create | Archer ×5 |
| 14:21 | Create | Archer ×5 |
| 14:21 | Create | Archer ×5 |
| 14:24 | Create | Archer ×3 |
| 14:25 | Create | Archer ×3 |
| 14:25 | Create | Archer ×3 |
| 14:26 | Create | Archer ×3 |
| 14:26 | Create | Archer ×3 |
| 14:26 | Create | Archer ×3 |
| 14:27 | Create | Archer |
| 17:21 | Create | Archer ×5 |
| 17:21 | Create | Archer ×5 |
| 17:22 | Create | Archer ×5 |
| 17:22 | Create | Archer ×5 |
| 17:22 | Create | Archer ×5 |
| 17:23 | Create | Archer ×5 |
| 17:23 | Create | Archer ×5 |
| 17:23 | Create | Archer ×5 |
| 17:24 | Create | Archer ×5 |
| 17:24 | Create | Archer ×5 |
| 17:24 | Create | Archer ×5 |
| 17:24 | Create | Archer ×5 |
| 17:25 | Create | Archer ×5 |
| 17:25 | Create | Archer ×5 |
| 17:25 | Create | Archer ×5 |
| 17:26 | Create | Archer ×5 |
| 17:26 | Create | Archer ×5 |
| 17:26 | Create | Archer ×5 |
| 17:27 | Create | Archer ×5 |
| 17:27 | Create | Archer ×5 |
| 17:46 | Build | Siege Workshop |
Build order — Hozmi
46 actions detected in the replay
| 9:58 | Build | Barracks |
| 9:59 | Build | Stable |
| 10:01 | Build | Stable |
| 10:03 | Build | Stable |
| 12:23 | Build | Stable |
| 12:28 | Build | Barracks |
| 12:30 | Build | Barracks |
| 12:31 | Build | Barracks |
| 12:32 | Build | Barracks |
| 12:33 | Build | Barracks |
| 12:34 | Build | Barracks |
| 12:39 | Build | Barracks |
| 13:03 | Build | Barracks |
| 13:04 | Build | Barracks |
| 13:05 | Build | Barracks |
| 13:05 | Build | Barracks |
| 13:06 | Build | Barracks |
| 13:07 | Build | Barracks |
| 13:08 | Build | Barracks |
| 13:09 | Build | Barracks |
| 13:10 | Build | Barracks |
| 13:11 | Build | Barracks |
| 13:12 | Build | Barracks |
| 14:07 | Research | Chain Mail Armor |
| 14:08 | Research | Iron Casting |
| 14:08 | Research | Bodkin Arrow |
| 14:08 | Research | Leather Archer Armor |
| 14:09 | Research | Chain Barding Armor |
| 14:10 | Research | Treadmill Crane |
| 14:11 | Research | Ballistics |
| 14:11 | Research | Guard Tower (upgrade) |
| 14:12 | Research | Tech 908 |
| 14:12 | Research | Careening |
| 14:14 | Research | Long Swordsman (upgrade) |
| 14:14 | Research | Gambesons |
| 14:15 | Research | Arson |
| 15:12 | Research | Stronghold |
| 15:13 | Research | Stronghold |
| 16:46 | Build | Siege Workshop |
| 16:47 | Build | Siege Workshop |
| 16:48 | Build | Siege Workshop |
| 16:50 | Build | Siege Workshop |
| 16:51 | Build | Siege Workshop |
| 16:52 | Build | Siege Workshop |
| 16:55 | Build | Siege Workshop |
| 16:57 | Build | Siege Workshop |
Match timeline
| 5:18 | RushH3LL · first_building Stable |
| 5:25 | (L)ycan · wall_segment Stone Wall x14 |
| 6:03 | RushH3LL · first_building Archery Range |
| 6:57 | AAJ · first_building Barracks |
| 7:04 | AAJ · first_building Archery Range |
| 8:02 | (L)ycan · wall_segment Stone Wall x16 |
| 9:58 | Hozmi · first_building Barracks |
| 9:59 | Hozmi · first_building Stable |
| 12:47 | (L)ycan · first_building Barracks |
| 16:46 | Hozmi · first_building Siege Workshop |
| 17:46 | RushH3LL · first_building Siege Workshop |
[ AI ANALYSIS · 1 CREDIT ]
What really happened in this match?
Wolo.gg analyzes every decision: build order, eco, micro, common mistakes by bracket. Personalized analysis on WhatsApp or Discord in 30 seconds.
Civ guide
Dravidians
Map guide
CBA_=REQUIEM=_V292 (Scenario)
Perfil
Jugador #317718